 Dungeon Crawl Stone Soup version 0.29-a0-11-ga75d3d97ab (webtiles) character file.

Game seed: 16218188013265041530

126 Pin the Skirmisher (level 5, -1/46 HPs)
             Began as a Hill Orc Fighter on Jan 29, 2022.
             Was an Initiate of Yredelemnul.
             Killed from afar by an orc wizard (4 damage)
             ... with a magic dart
             ... on level 3 of the Dungeon.
             The game lasted 00:03:58 (1886 turns).

Pin the Skirmisher (Hill Orc Fighter)               Turns: 1886, Time: 00:03:58

Health: -1/46      AC:  8    Str: 21    XL:     5   Next: 10%
Magic:  5/5        EV: 10    Int:  8    God:    Yredelemnul [......]
Gold:   140        SH:  0    Dex: 10    Spells: 4/4 levels left

rFire   . . .      SeeInvis .   a - +0 war axe
rCold   . . .      Faith    .   c - +0 buckler
rNeg    . . .      Spirit   .   b - +0 scale mail
rPois   .          Reflect  .   (no helmet)
rElec   .          Harm     .   o - scarf {repulsion}
rCorr   .          Rampage  .   (no gloves)
Will    .....                   g - +0 pair of boots
Stlth   ..........              (no amulet)
HPRegen 0.15/turn               (no ring)
MPRegen 0.09/turn               (no ring)

@: confused, repel missiles
A: no striking features
a: Renounce Religion, Recall Undead Harvest


You were on level 3 of the Dungeon.
You worshipped Yredelemnul.
Yredelemnul was noncommittal.
You visited 1 branch of the dungeon, and saw 3 of its levels.

You collected 140 gold pieces.

Inventory:

Hand Weapons
 a - a +0 war axe (weapon)
Armour
 b - a +0 scale mail (worn)
 c - a +0 buckler (worn)
 g - a +0 pair of boots (worn)
 o - a scarf of repulsion (worn)
Jewellery
 m - a ring of fire
Scrolls
 f - 2 scrolls of fear {unknown}
 h - a scroll of identify {unknown}
 i - a scroll of enchant weapon {unknown}
 n - a scroll of noise {unknown}
Potions
 d - 2 potions of might
 e - a potion of mutation {unknown}
 j - 2 potions of haste {unknown}
 k - a potion of degeneration {unknown}
 l - a potion of curing {unknown}


   Skills:
 - Level 3.6 Fighting
 - Level 2.7 Axes
 - Level 3.3 Armour
 + Level 3.6 Dodging
 - Level 3.3 Shields


You had 4 spell levels left.
You didn't know any spells.
Your spell library was empty.

Dungeon Overview and Level Annotations

Branches:
Dungeon (3/15)

Altars:
Yredelemnul


Message History

You slash something! Something hits you.
* * * LOW HITPOINT WARNING * * *
You barely miss something. Something hits you.
* * * LOW HITPOINT WARNING * * *
You hear some strange, mumbled words.
A puff of flame appears from out of thin air!
The puff of flame is repelled.
You miss something. Something hits you but does no damage.
You barely miss something. Something hits you but does no damage.
You hear some strange, mumbled words.
Something tries to affect you, but you resist.
You hit something but do no damage. Something hits you.
* * * LOW HITPOINT WARNING * * *
You closely miss something. Something hits you.
* * * LOW HITPOINT WARNING * * *
You closely miss something.
You hear some strange, mumbled words.
You are confused.
Something hits you but does no damage.
Are you sure you want to stumble around while confused and next to your adder zombie? [Y]es or [N]o only, please.
Are you sure you want to stumble around while confused and next to your adder zombie? [Y]es or [N]o only, please.
Are you sure you want to stumble around while confused and next to your adder zombie? [Y]es or [N]o only, please.
Are you sure you want to stumble around while confused and next to your adder zombie? [Y]es or [N]o only, please.
Are you sure you want to stumble around while confused and next to your adder zombie? [Y]es or [N]o only, please.
Are you sure you want to stumble around while confused and next to your adder zombie? [Y]es or [N]o only, please.
Are you sure you want to stumble around while confused and next to your adder zombie?
Okay, then.
Are you sure you want to stumble around while confused and next to your adder zombie?
Okay, then.
You hear some strange, mumbled words.
A magic dart appears from out of thin air!
The magic dart hits you.
You die...
Your body rises from the dead as a mindless zombie.

#######.###..###.#
#.# #....#.# #.#
##.#.#.# #.#
#Z....# #.#
###.### #.# #.#
..# #.#### #Z{Z)#
#@##.)# #.##.....
#.##.#.#.#.
#.##........
#....#.#.#.#
####........
#.#.#.#.#


You could see a centaur zombie and a friendly adder zombie.

Vanquished Creatures
  Robin (D:3)
  3 adders
  3 worms (D:2)
  A dart slug (D:2)
  3 orcs (D:3)
  5 ball pythons
  3 endoplasms
  7 goblins
  7 hobgoblins
  6 jackals
  4 kobolds
  2 quokkas (D:1)
  3 bats
  7 frilled lizards
  3 rats (D:1)
58 creatures vanquished.

Vanquished Creatures (collateral kills)
  An adder (D:2)
  A ball python (D:2)
  3 goblins
5 creatures vanquished.

Vanquished Creatures (others)
  A bat zombie (D:2)
  A dart slug zombie (D:2)
  A frilled lizard zombie (D:3)
  2 goblin zombies (D:3)
  3 hobgoblin zombies (D:3)
  A kobold zombie (D:3)
  2 orc zombies (D:3)
11 creatures vanquished.

Grand Total: 74 creatures vanquished

Notes
Turn   | Place    | Note
-------+----------+-------------------------------------------
     0 | D:1      | Pin the Hill Orc Fighter began the quest for the Orb.
     0 | D:1      | Reached XP level 1. HP: 19/19 MP: 1/1
   192 | D:1      | Reached skill level 1 in Dodging
   192 | D:1      | Reached XP level 2. HP: 26/27 MP: 2/2
   583 | D:1      | Found a faded altar of an unknown god.
   608 | D:1      | Prayed at the altar of an unknown god.
   608 | D:1      | Became a worshipper of Yredelemnul the Dark
   608 | D:1      | Reached * piety under Yredelemnul
   963 | D:2      | Reached XP level 3. HP: 33/33 MP: 3/3
  1321 | D:2      | Reached XP level 4. HP: 36/40 MP: 4/4
  1784 | D:3      | Noticed Robin
  1789 | D:3      | Killed Robin
  1850 | D:3      | Reached XP level 5. HP: 38/46 MP: 5/5
  1886 | D:3      | Killed from afar by an orc wizard

Illustrated notes

Levels and vault maps discovered:
D:1:      onia_arrival_handbag, layout_basic, chequers_ecumenical_altar_island
D:2:      layout_basic, minmay_ruptured
D:3:      layout_loops_ring, nicolae_overflow_hidden_temple,
          mainiacjoe_overflow_alcove_1, serial_glass, glass_columns_a,
          glass_columns_a, glass_columns_c, glass_columns_b, uniq_robin

Skill      XL: |  1  2  3  4 |
---------------+-------------+-----
Dodging        | 1 2 3 |  3.6
Fighting       | |  3.6
Axes           | |  2.7
Armour         | |  3.3
Shields        | |  3.3

Action                   |  1- 3 |  4- 6 || total
-------------------------+-------+-------++-------
Melee: War axe           |    99 |    77 ||   176
 Stab: Distracted        |     2 |       ||     2
Armor: Scale mail        |    55 |    43 ||    98
Dodge: Dodged            |    45 |    28 ||    73
       Repelled          |       |     2 ||     2
Block: Buckler           |    28 |    18 ||    46

Table legend: (Time is in decaauts)
 A = Elapsed time spent in this place.
 B = Non-inter-level travel time spent in this place.
 C = Inter-level travel time spent in this place.
 D = Time resting spent in this place.
 E = Time spent auto-exploring this place.
 F = Levels seen in this place.
 G = Mean time per level.
                   A        B        C        D        E       F      G
               +--------+--------+--------+--------+--------+-----+--------+
         Total |   1965 |   1938 |     27 |      0 |   1438 |   3 |  655.0 |
       Dungeon |   1965 |   1938 |     27 |      0 |   1438 |   3 |  655.0 |
               +--------+--------+--------+--------+--------+-----+--------+

Top non-repeatable levels by time:
     D:1: 906 daAuts
     D:2: 900 daAuts
     D:3: 158 daAuts
